Map: Traitor's Exile

Players

OpuS

  • Race: Protoss Protoss
  • League: Platinum
  • Spawn Location: 6:00

Sketchaphone

  • Race: Zerg Zerg
  • League: Platinum
  • Spawn Location: 5:00

bengsci - Winner!

  • Race: Terran Terran
  • League: Diamond
  • Spawn Location: 9:00

SweatyNutz - Winner!

  • Race: Protoss Protoss
  • Spawn Location: 12:00

VOD

Have the link to the VOD?

Description

Time

  • Played on: Feb. 15, 2019, 9:08 p.m.
  • Length: 15:46
Show
View Real Time Build Order
Export as new Build Order

OpuS Protoss 

Build Orders: Carriers 

Get SALT Encoding   

  12  0:01  Probe  
  13  0:13  Probe  
  14  0:26  Pylon  
  14  0:29  Probe  
  14  0:33  Assimilator  
  15  0:48  Gateway  
  15  0:51  Probe  
  16  0:59  Probe, Assimilator  
  17  1:12  Gateway  
  17  1:15  Probe  
  18  1:27  Probe  
  20  1:40  Probe, Cybernetics Core  
  20  1:48  Pylon  
  20  1:57  Probe  
  21  2:05  Probe  
  21  2:13  Probe  
  22  2:18  Stalker  
  22  2:21  Stalker  
  26  2:23  Warp Gate  
  26  2:28  Probe  
  27  2:58  Nexus  
  27  3:05  Pylon  
  27  3:20  Forge  
  27  3:31  Shield Battery  
  27  3:34  Stalker  
  29  3:41  Stalker  
  31  3:53  Stargate  
  31  4:05  Photon Cannon  
  31  4:14  Photon Cannon  
  31  4:18  Probe  
  31  4:20  Probe  
  33  4:35  Pylon  
  33  4:37  Probe x2  
  35  4:55  Fleet Beacon  
  35  4:58  Probe  
  35  4:59  Probe  
  37  5:10  Protoss Air Weapons Level 1  
  37  5:12  Probe  
  37  5:13  Probe  
  39  5:21  Protoss Shields Level 1  
  39  5:23  Carrier  
  39  5:24  Probe  
  39  5:25  Probe  
  41  5:42  Probe  
  48  5:45  Probe  
  49  5:58  Stargate  
  49  6:01  Pylon  
  49  6:03  Probe x2  
  50  6:15  Probe  
  51  6:23  Nexus, Carrier  
  51  6:26  Probe  
  58  6:41  Cybernetics Core  
  58  6:47  Probe x2  
  58  6:50  Carrier  
  60  6:59  Probe  
  60  7:00  Probe  
  68  7:06  Assimilator  
  68  7:11  Assimilator  
  68  7:14  Shield Battery  
  68  7:24  Pylon  
  68  7:27  Pylon, Probe  
  68  7:28  Probe  
  70  7:31  Twilight Council  
  70  7:34  Pylon  
  70  7:42  Protoss Air Weapons Level 2  
  70  7:54  Probe x3  
  73  8:06  Photon Cannon  
  73  8:09  Photon Cannon  
  73  8:11  Carrier, Photon Cannon  
  73  8:14  Pylon  
  72  8:24  Protoss Air Armor Level 1  
  78  8:30  Probe x2  
  78  8:31  Probe  
  81  8:44  Protoss Shields Level 2  
  81  8:47  Probe x3  
  84  8:52  Pylon  
  84  9:01  Robotics Facility  
  84  9:06  Probe x3  
  87  9:10  Assimilator  
  87  9:14  Assimilator  
  87  9:18  Probe x2  
  87  9:19  Carrier, Probe  
  87  9:24  Shield Battery  
  96  9:26  Photon Cannon  
  96  9:30  Probe x2  
  96  9:31  Probe  
  99  9:41  Carrier  
  99  9:45  Pylon  
  105  9:50  Pylon  
  105  9:57  Protoss Air Weapons Level 3, Stargate  
  105  10:01  Probe x3  
  105  10:04  Photon Cannon  
  108  10:07  Photon Cannon  
  108  10:10  Photon Cannon  
  108  10:13  Protoss Air Armor Level 2  
  108  10:32  Stargate  
  107  10:44  Probe x3  
  107  10:48  Photon Cannon  
  110  10:50  Photon Cannon  
  110  10:51  Carrier  
  110  10:54  Protoss Shields Level 3  
  114  11:18  Carrier  
  120  11:36  Observer  
  121  11:42  Charge  
  121  11:48  Nexus, Gateway  
  121  11:51  Gateway  
  121  11:53  Gateway  
  121  11:54  Carrier  
  127  11:55  Gateway  
  127  11:57  Observer  
  127  11:58  Gateway  
  116  12:09  Carrier  
  122  12:18  Observer  
  123  12:30  Pylon  
  123  12:32  Pylon  
  123  12:35  Assimilator  
  123  12:36  Void Ray x2  
  125  12:40  Assimilator  
  119  12:55  Stargate  
  119  12:58  Void Ray  
  123  13:04  Stargate  
  122  13:10  Probe x3  
  122  13:11  Probe, Void Ray  
  126  13:15  Void Ray x2  
  138  13:22  Probe  
  139  13:29  Void Ray  
  139  13:32  Void Ray  
  126  13:37  Mothership  
  126  13:40  Void Ray  
  103  13:43  Void Ray x2  
  112  13:57  Probe  
  121  14:07  Void Ray  
  125  14:11  Void Ray  
  125  14:13  Void Ray  
  124  14:19  Probe  
  133  14:27  Probe, Void Ray  
  137  14:35  Void Ray  
  137  14:37  Probe  
  142  14:41  Void Ray  
  147  14:49  Probe  
  147  14:50  Void Ray  
  147  14:51  Void Ray  
  152  15:01  Probe  
Show
View Real Time Build Order
Export as new Build Order

Sketchaphone Zerg 

Build Orders: Hatch First, Brood Lord Corruptor 

Get SALT Encoding   

  12  0:01  Drone  
  13  0:12  Overlord  
  13  0:18  Drone  
  14  0:24  Drone, Extractor  
  15  0:32  Drone  
  15  0:34  Drone  
  17  0:51  Drone  
  18  0:57  Extractor  
  18  1:01  Hatchery  
  16  1:05  Drone  
  17  1:24  Spawning Pool  
  16  1:25  Drone  
  16  1:26  Drone  
  16  1:32  Drone  
  19  1:39  Drone  
  20  1:49  Overlord  
  20  2:03  Pneumatized Carapace  
  20  2:16  Queen  
  20  2:18  Drone x2  
  20  2:21  Drone  
  25  2:25  Drone x2  
  27  2:33  Zergling x2  
  27  2:34  Metabolic Boost  
  27  2:36  Zergling x2  
  29  2:46  Queen  
  29  2:48  Drone  
  32  2:51  Queen  
  32  2:55  Overlord  
  34  2:59  Drone  
  34  3:00  Drone  
  36  3:19  Overlord, Drone  
  37  3:21  Overlord  
  37  3:23  Drone  
  38  3:45  Overlord  
  38  3:46  Drone x3  
  41  4:00  Lair  
  41  4:07  Hatchery  
  40  4:12  Hatchery  
  39  4:17  Overlord  
  39  4:18  Drone x5  
  39  4:20  Spore Crawler  
  39  4:23  Spore Crawler  
  42  4:24  Spore Crawler  
  42  4:27  Spore Crawler  
  40  4:33  Drone x4  
  40  4:38  Overlord  
  40  4:53  Extractor  
  40  4:57  Queen  
  40  4:58  Drone x2  
  43  5:01  Spire  
  43  5:03  Drone x4  
  46  5:13  Zergling x2  
  47  5:14  Zergling x2  
  47  5:19  Drone x2  
  47  5:20  Drone  
  51  5:22  Extractor x2  
  49  5:30  Queen  
  49  5:33  Queen  
  51  5:51  Queen  
  51  5:54  Queen  
  51  5:55  Drone x6  
  51  5:56  Drone x5  
  66  6:06  Zergling x12  
  66  6:07  Zergling x2  
  73  6:16  Overlord  
  73  6:17  Zerg Flyer Weapons Level 1, Mutalisk  
  75  6:21  Overlord  
  75  6:28  Drone x5  
  75  6:30  Drone  
  75  6:31  Drone  
  75  6:32  Drone  
  83  6:33  Drone  
  84  6:50  Spore Crawler  
  84  6:53  Spore Crawler  
  82  6:55  Mutalisk, Extractor  
  82  6:56  Extractor, Mutalisk x4  
  82  6:57  Mutalisk  
  92  7:08  Overlord x2  
  92  7:23  Overlord  
  92  7:24  Overlord  
  92  7:30  Overlord  
  92  7:31  Overlord  
  92  7:32  Overlord  
  92  7:42  Evolution Chamber  
  91  7:50  Overlord  
  91  7:55  Corruptor x7  
  91  7:57  Zergling x16  
  113  8:04  Evolution Chamber  
  110  8:18  Zerg Ground Armor Level 1  
  108  8:20  Corruptor  
  108  8:24  Drone x2  
  112  8:27  Extractor  
  112  8:32  Overlord x2  
  111  8:53  Drone  
  111  8:54  Drone x2, Corruptor  
  111  8:55  Corruptor x5  
  126  8:56  Overlord  
  126  8:57  Extractor  
  125  9:03  Overlord x2  
  125  9:09  Corruptor  
  127  9:15  Overlord, Zerg Melee Weapons Level 1  
  126  9:19  Drone x5  
  126  9:22  Drone x2  
  133  9:27  Queen  
  135  9:38  Drone x7  
  142  9:48  Drone  
  143  10:08  Infestation Pit  
  142  10:14  Overlord x4  
  142  10:15  Overlord x2  
  142  10:16  Drone  
  142  10:20  Zerg Flyer Armor Level 1  
  143  10:31  Overlord x2  
  143  10:32  Overlord x2  
  143  10:37  Drone  
  143  10:38  Drone, Corruptor x5  
  154  10:47  Corruptor x2  
  156  10:51  Hive  
  152  10:58  Zerg Ground Armor Level 2  
  152  11:02  Corruptor x2  
  147  11:12  Corruptor  
  147  11:16  Corruptor  
  151  11:21  Zerg Melee Weapons Level 2  
  151  11:22  Drone x2  
  153  11:30  Corruptor x2  
  157  11:33  Hatchery  
  156  11:59  Zergling x16  
  156  12:00  Zergling x34  
  165  12:29  Pathogen Glands  
  165  12:30  Overlord x2  
  165  12:33  Greater Spire, Corruptor  
  165  12:34  Corruptor x6  
  165  12:35  Corruptor  
  181  12:41  Adrenal Glands  
  165  13:07  Zergling x36  
  175  13:26  Zergling x14  
  150  13:42  Corruptor x11  
  150  13:43  Corruptor  
  133  13:58  Corruptor x3  
  132  14:10  Brood Lord  
  132  14:11  Brood Lord  
  132  14:13  Brood Lord  
  132  14:14  Brood Lord  
  132  14:17  Brood Lord  
  132  14:19  Brood Lord  
  132  14:20  Drone  
  132  14:21  Overlord  
  132  14:22  Drone  
  108  14:43  Corruptor  
  108  14:44  Corruptor x2  
  97  15:09  Zergling x12  
Show
View Real Time Build Order
Export as new Build Order

bengsci Terran - Winner!

Build Orders: Mech 

Get SALT Encoding   

  12  0:01  SCV  
  13  0:15  SCV  
  14  0:21  Supply Depot  
  14  0:29  Refinery, SCV  
  15  0:44  SCV  
  15  0:48  Barracks  
  16  0:56  SCV  
  17  1:04  Supply Depot  
  17  1:09  SCV  
  18  1:24  SCV  
  19  1:35  Marine  
  19  1:36  SCV  
  19  1:37  Factory  
  21  1:51  Orbital Command  
  21  2:03  Barracks Tech Lab  
  21  2:05  Supply Depot  
  21  2:18  SCV  
  22  2:34  SCV  
  22  2:35  Siege Tank  
  26  2:47  Marine  
  26  2:48  SCV, Command Center  
  28  3:00  SCV  
  29  3:06  Refinery  
  29  3:07  Engineering Bay  
  29  3:08  Marine  
  30  3:27  Marine, SCV  
  30  3:28  Siege Tank  
  30  3:34  Engineering Bay  
  35  3:46  Marine  
  35  3:47  Supply Depot x2  
  35  3:48  SCV  
  37  3:56  Missile Turret  
  37  4:11  Missile Turret  
  37  4:12  Refinery, SCV  
  37  4:13  Marine  
  37  4:14  Refinery  
  39  4:24  SCV, Siege Tank  
  42  4:31  Marine  
  43  4:32  Armory  
  44  4:42  SCV  
  44  4:43  Orbital Command  
  45  4:53  Marine  
  45  4:54  SCV  
  45  4:58  Siege Tank  
  50  5:06  SCV  
  51  5:10  SCV  
  51  5:11  Marine  
  53  5:18  SCV  
  54  5:22  SCV  
  55  5:28  Marine  
  59  5:45  Command Center  
  59  5:46  Marine  
  60  5:55  SCV x2  
  62  6:00  Thor  
  65  6:04  Terran Vehicle Weapons Level 1  
  65  6:06  Missile Turret, Factory  
  65  6:08  Refinery, SCV x2  
  65  6:10  Armory, Refinery  
  67  6:20  Marine, SCV x2  
  70  6:35  Missile Turret  
  70  6:45  SCV x2  
  70  6:47  Supply Depot x2  
  72  6:51  Supply Depot  
  72  6:55  Marine  
  72  6:56  Thor  
  72  6:57  Factory Tech Lab, SCV  
  80  7:05  Orbital Command  
  80  7:08  Terran Vehicle And Ship Armor Level 1  
  80  7:10  SCV  
  81  7:16  SCV  
  82  7:23  SCV  
  82  7:27  Thor  
  82  7:28  Marine, SCV  
  91  7:39  Factory  
  91  7:42  SCV x3  
  91  7:43  Factory  
  94  7:54  SCV  
  94  7:55  Terran Infantry Armor Level 1  
  94  7:58  Thor  
  95  8:03  Terran Vehicle Weapons Level 2  
  101  8:07  Supply Depot  
  101  8:18  SCV x3  
  104  8:33  Missile Turret  
  104  8:34  Missile Turret  
  104  8:44  Thor  
  104  8:47  Factory Tech Lab x2  
  110  8:49  SCV x3  
  113  8:55  Command Center  
  113  8:58  Supply Depot  
  113  9:02  Supply Depot  
  113  9:03  Terran Vehicle And Ship Armor Level 2  
  113  9:04  Missile Turret, SCV  
  113  9:05  SCV x2  
  116  9:11  Supply Depot  
  116  9:13  Supply Depot, Thor  
  122  9:21  SCV x2  
  122  9:22  SCV  
  125  9:51  Thor x2  
  137  9:52  Supply Depot  
  137  9:53  Thor  
  137  9:54  Missile Turret  
  137  9:56  Thor  
  149  10:10  Factory  
  149  10:13  Marine  
  150  10:14  Factory  
  150  10:16  Orbital Command  
  150  10:19  Refinery  
  150  10:24  Missile Turret  
  150  10:30  Terran Vehicle Weapons Level 3  
  150  10:34  Thor  
  150  10:35  Thor  
  162  10:45  Marine  
  162  10:46  Refinery, Thor  
  162  10:47  Thor  
  175  11:02  Factory Tech Lab x2  
  175  11:23  Supply Depot  
  175  11:25  Supply Depot  
  175  11:27  Supply Depot  
  175  11:31  Supply Depot  
  175  11:35  Terran Vehicle And Ship Armor Level 3  
  175  11:45  Thor x2  
  175  11:46  Thor  
  193  11:48  Thor  
  197  11:57  Thor  
  190  12:04  Thor  
  190  12:28  Thor  
  190  12:32  Thor  
  196  12:52  Missile Turret  
  196  12:56  Thor  
  196  12:57  Missile Turret  
  196  13:14  Missile Turret  
  196  13:17  Missile Turret  
  195  13:34  Thor x4  
  179  13:59  Thor  
  179  14:00  Thor  
  191  14:17  Thor  
Show
View Real Time Build Order
Export as new Build Order

SweatyNutz Protoss - Winner!

Build Orders: Oracle Opening 

Get SALT Encoding   

  12  0:02  Probe  
  13  0:14  Probe  
  13  0:20  Pylon  
  14  0:26  Probe  
  15  0:31  Assimilator  
  15  0:47  Gateway  
  15  0:52  Probe  
  15  0:53  Pylon  
  16  1:00  Probe  
  16  1:09  Probe  
  17  1:14  Pylon  
  18  1:27  Assimilator  
  18  1:28  Probe  
  19  1:41  Probe  
  19  1:44  Cybernetics Core  
  20  1:51  Forge  
  20  1:55  Probe  
  21  2:07  Pylon, Probe  
  22  2:20  Probe  
  23  2:24  Stargate  
  23  2:32  Photon Cannon  
  23  2:39  Shield Battery  
  23  2:46  Pylon  
  23  3:05  Photon Cannon, Oracle  
  23  3:09  Photon Cannon  
  26  3:23  Probe  
  27  3:32  Oracle  
  30  3:58  Probe  
  31  4:06  Nexus  
  31  4:10  Probe, Phoenix  
  34  4:22  Probe  
  35  4:34  Probe  
  36  4:46  Probe  
  37  5:05  Phoenix  
  36  5:19  Pylon, Probe x2  
  38  5:22  Stargate  
  38  5:28  Pylon  
  38  5:31  Probe x2  
  38  5:33  Assimilator  
  40  5:42  Pylon, Phoenix  
  42  5:43  Probe  
  42  5:44  Probe  
  44  5:52  Probe  
  44  5:54  Assimilator  
  44  5:55  Probe  
  44  5:57  Photon Cannon  
  46  6:00  Pylon  
  46  6:02  Probe  
  46  6:07  Probe, Phoenix x2  
  52  6:14  Probe  
  53  6:20  Probe  
  53  6:21  Pylon  
  54  6:26  Probe  
  54  6:30  Photon Cannon  
  54  6:32  Probe  
  56  6:45  Fleet Beacon  
  56  6:51  Phoenix x2  
  60  6:57  Stargate  
  60  7:15  Protoss Air Weapons Level 1  
  60  7:17  Phoenix x2  
  62  7:31  Anion Pulse-Crystals  
  62  7:35  Protoss Shields Level 1  
  62  7:36  Probe x2  
  64  7:48  Probe, Phoenix x3  
  71  7:59  Photon Cannon  
  71  8:17  Phoenix x3  
  74  8:36  Pylon  
  74  8:39  Probe x2  
  76  8:42  Tempest  
  76  8:43  Nexus  
  81  8:51  Probe  
  82  8:57  Assimilator  
  82  9:01  Photon Cannon  
  82  9:07  Pylon  
  82  9:16  Tempest  
  87  9:17  Tempest  
  92  9:26  Assimilator  
  92  9:28  Pylon  
  92  9:37  Protoss Air Armor Level 1  
  92  9:42  Tempest  
  97  9:52  Stargate  
  97  10:03  Photon Cannon  
  97  10:10  Probe  
  97  10:11  Tempest  
  103  10:22  Probe  
  103  10:25  Tempest  
  109  10:34  Probe  
  110  10:55  Tempest x3  
  125  11:11  Tempest  
  130  11:20  Probe x2  
  130  11:22  Protoss Air Weapons Level 2  
  132  11:31  Pylon  
  132  11:35  Pylon  
  132  11:37  Pylon  
  132  11:41  Pylon  
  132  11:42  Tempest x2  
  132  11:46  Tempest  
  126  12:26  Tempest x2  
  126  12:27  Tempest  
  133  12:50  Probe  
  132  13:02  Tempest, Probe  
  138  13:08  Pylon  
  138  13:14  Probe  
  138  13:16  Photon Cannon  
  102  13:53  Tempest  
  102  13:54  Tempest x3  
  117  14:26  Nexus  
  117  14:29  Tempest x2  
  117  14:30  Tempest x2  
Tags
 
Add a new tag
Caveats
  • Supply blocks, unpowered buildings, or Contaminate may cause inaccurate times.
  • Supply counts are checked every 10 seconds.